[Event "Singapore Open-A 2024"]
[Site "Singapore"]
[Date "2024.11.30"]
[Round "3.1"]
[White "Tippa, Aswath Srisai"]
[Black "Murzin, Volodar"]
[Result "1/2-1/2"]
[ECO "D11"]
[WhiteElo "1615"]
[BlackElo "2664"]
[Annotator "TA"]
[PlyCount "174"]
[EventDate "2024.11.29"]
[EventType "swiss"]
[EventCountry "SIN"]
[SourceTitle "playchess.com"]
[Source "ChessBase"]
[SourceQuality "1"]
[TimeControl "5400+30"]

1. d4 d5 2. c4 c6 3. Nf3 Nf6 4. g3 Bf5 5. Nc3 e6 6. Nh4 {[%emt 0:00:11] D11: Slav Defence: 3 Nf3 sidelines and 3...Nf6 4 e3 Bg4.} Be4 7. f3 Bg6 8. Qb3 Qd7 9. Be3 Be7 10. Bf2 O-O 11. Nxg6 hxg6 12. Bh3 $146 ({Predecessor:} 12. Bg2 Rc8 13. Rd1 Qc7 14. O-O Nbd7 15. Rc1 Qb6 16. Rfd1 Qa6 17. cxd5 cxd5 18. Bf1 {½-½ Cheparinov,I (2698)-Le,T (2475) Ho Chi Minh City HD Bank op 7th 2017 (6)}) 12... a5 13. O-O a4 14. Nxa4 dxc4 15. Qc2 Qc7 16. Nc5 b5 17. b3 cxb3 18. axb3 Nbd7 19. Nd3 Nd5 20. Rfc1 Ba3 21. Rd1 Nb4 22. Nxb4 Bxb4 23. e4 Qb7 24. Bf1 Rxa1 25. Rxa1 Ra8 26. Rc1 Rc8 27. Qd3 Ra8 28. Qc2 Rc8 29. Qe2 Ra8 30. f4 (30. Kg2 $14) 30... Ba3 31. Ra1 Bf8 32. Rxa8 Qxa8 33. Qc2 Nf6 34. Be2 Bb4 35. Kg2 Qa6 36. Bf3 Kh8 37. h4 Ng8 38. h5 gxh5 39. Bxh5 g6 40. Bf3 Ne7 41. Qe2 Bc3 42. Qd3 Qa1 43. d5 cxd5 44. exd5 exd5 (44... Nxd5 $11 45. Bxd5 (45. Qxb5 Qb2 $11) 45... exd5) 45. Bxd5 (45. Qe2 $14 Qa3 46. Qxb5) 45... Kg7 46. Qxb5 Bd4 47. Bxd4+ $1 Qxd4 48. Bf3 Qd8 49. g4 Qd2+ 50. Qe2 Qb4 51. Qe4 Qd2+ 52. Kg3 Kf8 53. Qa8+ Kg7 54. Qa1+ f6 55. Qa7 (55. Qd1 $1 $16 Qb4 56. Qe2) 55... Kf7 $11 56. Qa6 Qe1+ 57. Kh3 Qc3 58. Qc4+ Qxc4 59. bxc4 Ke6 60. c5 g5 61. Kg3 gxf4+ (61... Kd7 $11) 62. Kxf4 $16 Kd7 63. Kg3 (63. Bb7 $16) 63... Ke6 $11 64. Kf4 ({Better is} 64. Bb7 $11) 64... Kd7 $1 $16 65. Bb7 Ke6 66. Be4 Kd7 67. Kg3 (67. Bg2 $16) 67... Ke6 $11 68. Bb7 Kd7 {[%emt 0:00:16] [#]} (68... Ng6 $11 {remains equal.}) 69. Be4 (69. Kf3 $1 $16) 69... Ke6 $11 70. Kf4 (70. Bf3 $11) 70... Kd7 $16 71. Ke3 Ke6 72. Kd4 Kd7 73. Kc4 Kc7 74. Kb5 Nc8 75. Bg6 Na7+ {[%emt 0:00:41] [#]} 76. Kc4 $1 Nc6 77. Bf5 Ne7 78. Be4 Kd7 79. Kb5 Kc7 80. c6 ({White should play} 80. Ka4 $16) 80... Nc8 $11 81. Kc5 Ne7 82. Kb5 Nc8 83. Ka6 Ne7 84. Kb5 Nc8 85. Bf3 Nd6+ 86. Kc5 Nf7 87. Kd5 Nd8 1/2-1/2

[Event "Singapore Open-A 2024"]
[Site "Singapore"]
[Date "2024.11.30"]
[Round "3.2"]
[White "Tin, Jingyao"]
[Black "Seemann, Jakub"]
[Result "1/2-1/2"]
[ECO "E49"]
[WhiteElo "2588"]
[BlackElo "2491"]
[Annotator "RC"]
[PlyCount "99"]
[EventDate "2024.11.29"]
[EventType "swiss"]
[EventCountry "SIN"]
[SourceTitle "playchess.com"]
[Source "ChessBase"]
[SourceQuality "1"]
[TimeControl "5400+30"]

1. d4 Nf6 2. c4 e6 3. Nc3 Bb4 4. e3 O-O 5. Bd3 d5 6. a3 Bxc3+ 7. bxc3 dxc4 8. Bxc4 c5 9. Ne2 Qc7 10. Ba2 b6 11. O-O Ba6 12. Re1 Rd8 13. Ng3 Nc6 14. Rb1 Rac8 15. Rb2 e5 16. d5 e4 17. Qa4 Na5 18. c4 h5 19. f4 h4 20. Nf5 Qd7 21. Qxd7 Rxd7 22. Rc2 b5 23. d6 b4 24. axb4 cxb4 25. Ne7+ Rxe7 26. dxe7 b3 27. Bxb3 Nxb3 28. Rd1 Re8 29. Rd8 Kh7 30. Rxe8 Nxe8 31. c5 Nxc1 32. Rxc1 Kg6 33. Ra1 Bb5 34. Rxa7 Kf6 35. Rb7 Ba4 36. Rb4 Bd7 37. Rxe4 g6 38. Re5 Be6 39. e4 Kxe7 40. c6 Kd6 41. h3 Kxc6 42. f5 gxf5 43. exf5 Bd7 44. Re4 Kd6 45. Kf2 Nf6 46. Rxh4 Bxf5 47. Kf3 Ke5 48. Ra4 Be4+ 49. Kf2 Nd5 50. g3 1/2-1/2

[Event "Singapore Open-A 2024"]
[Site "Singapore"]
[Date "2024.11.30"]
[Round "3.3"]
[White "Sethuraman, S.P."]
[Black "Ilamparthi A R"]
[Result "1/2-1/2"]
[ECO "C70"]
[WhiteElo "2586"]
[BlackElo "2457"]
[Annotator "TA"]
[PlyCount "53"]
[EventDate "2024.11.29"]
[EventType "swiss"]
[EventCountry "SIN"]
[SourceTitle "playchess.com"]
[Source "ChessBase"]
[SourceQuality "1"]
[TimeControl "5400+30"]

1. e4 e5 2. Nf3 Nc6 3. Bb5 a6 4. Ba4 Nge7 5. Bb3 Ng6 6. c3 Na5 7. Bc2 d5 8. d4 {[%emt 0:00:07] White is slightly better.} dxe4 9. Bxe4 f5 10. Bc2 e4 11. Ng5 Qf6 12. Qh5 {[%emt 0:05:48][%cal Oe1g1] Strongly threatening 0-0!} Bd7 {[%emt 0:02:55] [#]} 13. Nxe4 $1 {[%emt 0:48:23] White is more active.} fxe4 $11 {[%emt 0:00:03] The position is equal.} 14. Qxa5 Bb5 $1 15. Ba4 $1 (15. Bxe4 $2 Qe6 (15... b6 16. Qxb5+ axb5 17. Bxa8 $15) 16. Nd2 b6 $19) 15... c6 {[%emt 0:00:13] ...Nh4 would now be deadly.} 16. Bxb5 cxb5 17. Qc7 Bd6 18. Qxb7 O-O 19. O-O (19. Qxe4 $2 Rae8 $19 (19... Qxf2+ $2 20. Kd1 $19) (19... Qxf2+ $2 20. Kd1 $19)) 19... Bf4 {[%emt 0:13:22] Threatens to win with ...Bxc1.} 20. Nd2 (20. Qxe4 $2 {too greedy.} Bxc1 21. Qc2 Nf4 $19) 20... Bxh2+ $1 21. Kxh2 Nf4 22. g3 {[%emt 0:00:27] Inhibits Qh4+.} (22. Qxe4 Rae8 23. g3 (23. Qf3 $2 Qh4+ 24. Kg1 Ne2+ $19) 23... Qh6+ (23... Rxe4 $2 24. Nxe4 Qh6+ 25. Kg1 $19) 24. Kg1 Rxe4 25. Nxe4 Ne2+ 26. Kg2 Qg6 $17) 22... Qh6+ 23. Kg1 Nh3+ 24. Kg2 Nf4+ 25. Kg1 Nh3+ 26. Kg2 Nf4+ 27. Kg1 {[%emt 0:00:04] Weighted Error Value: White=0.06 (flawless) /Black=0.02 (flawless) .  Mistake:       	White=1     	---        Inaccurate:     	---       	Black=1      OK:         	White=10    	Black=8      Best:        	White=4     	Black=4      Strong:       	White=1     	Black=2} 1/2-1/2

[Event "Singapore Open-A 2024"]
[Site "Singapore"]
[Date "2024.11.30"]
[Round "3.4"]
[White "Bilguun, Sumiya"]
[Black "Jumabayev, Rinat"]
[Result "1/2-1/2"]
[ECO "B47"]
[WhiteElo "2470"]
[BlackElo "2571"]
[Annotator "TA"]
[PlyCount "81"]
[EventDate "2024.11.29"]
[EventType "swiss"]
[EventCountry "SIN"]
[SourceTitle "playchess.com"]
[Source "ChessBase"]
[SourceQuality "1"]
[TimeControl "5400+30"]

1. e4 c5 2. Nc3 e6 3. Nf3 a6 4. d4 cxd4 5. Nxd4 Qc7 6. g3 Nf6 7. Bg2 Nc6 8. O-O Nxd4 9. Qxd4 Bc5 10. Bf4 d6 11. Qd2 h6 12. Rad1 e5 13. Be3 Bxe3 14. fxe3 Be6 15. Qxd6 Rc8 {[%emt 0:10:27] White is slightly better.} 16. Rf2 {[%emt 0:00:00] White is more active.} Qxd6 17. Rxd6 Rxc3 18. bxc3 Nd7 {[%emt 0:00:16][%cal Oe8e7] Repels Rb6} 19. Rfd2 {[%emt 0:00:00] Strongly threatening Bf1.} Ke7 20. Kf2 (20. c4 $16) 20... h5 {[%emt 0:08:44] [#]} 21. c4 $1 g6 {[%emt 0:04:58][%cal Oh8c8] [#]} (21... Rc8 22. Rxd7+) 22. c5 Nxc5 $11 23. Rb6 Rc8 {[%emt 0:02:56] [#]} 24. a4 $1 Bd7 25. a5 $1 Bb5 26. Rd5 ({White should play} 26. Kg1 $16) 26... f6 (26... Nd7 $1 $11 27. Rdxb5 (27. Rxb7 Rxc2+ 28. Kg1 Rc1+ 29. Kf2 Rc2+ 30. Kg1 Rc1+ 31. Kf2 Rc2+ $11) 27... Rxc2+ 28. Kf3 axb5 29. Rxb7 f5) 27. Ke1 Rc7 $1 28. Kd2 ({White should try} 28. Bh3 $14) 28... Na4 (28... g5 $11) 29. Rbxb5 $14 axb5 30. Rxb5 {[%emt 0:00:25][%mdl 4096] Endgame. KRB-KRN} Rd7+ 31. Ke1 $1 Rc7 32. Bf1 Nc5 33. Bd3 Kd6 34. Kd2 Rc6 35. Rb4 Kc7 36. Bb5 Rd6+ 37. Ke2 {[%emt 0:00:01] Black must now prevent Rc4.} Rd8 38. Bd3 Rd6 39. Rb5 Kc6 {[%emt 0:00:40] [#]} (39... Rc6 $16) 40. Rb6+ $1 $18 Kc7 41. Rb5 $2 {[%emt 0:00:29] Weighted Error Value: White=0.14 (very precise) /Black=0.21 (precise) .  Loses game:     	---       	Black=1      Missed win:     	White=1     	---        Mistake:       	White=4     	Black=2      Inaccurate:     	White=1     	Black=4      OK:         	White=7     	Black=7      Best:        	White=1     	Black=3      Strong:       	White=3     	Black=1} (41. Rxd6 $18 Kxd6 42. Bc4) 1/2-1/2

[Event "Singapore Open-A 2024"]
[Site "Singapore"]
[Date "2024.11.30"]
[Round "3.5"]
[White "Sanal, Vahap"]
[Black "Gong, Qianyun"]
[Result "1-0"]
[ECO "C06"]
[WhiteElo "2561"]
[BlackElo "2268"]
[Annotator "TA"]
[PlyCount "127"]
[EventDate "2024.11.29"]
[EventType "swiss"]
[EventCountry "SIN"]
[SourceTitle "playchess.com"]
[Source "ChessBase"]
[SourceQuality "1"]
[TimeControl "5400+30"]

1. e4 e6 2. d4 d5 3. Nd2 Be7 4. Ngf3 Nf6 5. e5 Nfd7 6. Bd3 c5 7. c3 Nc6 8. O-O O-O 9. Re1 f6 10. exf6 Nxf6 11. h3 Qb6 12. a3 cxd4 13. c4 Qc7 14. b4 Bd6 15. Bb2 dxc4 (15... Bd7 $16 {was worth a try.}) 16. Nxc4 $18 (16. Bxc4 Kh8 $16) 16... Bf4 17. b5 (17. Bxd4 $6 Nxd4 18. Nxd4 Rd8 $14) 17... Ne7 18. Bxd4 Ned5 19. Ra2 Rd8 (19... Qe7 {was necessary.} 20. Nce5 a6 21. bxa6 bxa6) 20. g3 $18 Bh6 21. Rc2 Qe7 22. Qe2 Bd7 23. Nce5 Re8 24. Bc5 Qd8 25. a4 Rc8 26. Ra1 b6 27. Ba3 Nc3 28. Qe1 Nxa4 (28... Ncd5 $142 29. Bc4 g6) 29. Bb4 Rxc2 30. Bxc2 Nc5 31. Rxa7 Bxb5 32. Nf7 Qd5 33. Qc3 $2 (33. Nxh6+ $18 gxh6 34. Qe3 (34. Ne5 Ra8 $16)) 33... Bc1 $14 34. Ba3 Bc6 (34... Bxa3 $2 35. Nh6+ Kh8 36. Qxf6 $18 (36. Rxa3 Rf8 $17)) (34... Rf8 $11) 35. Bxc1 $16 Qxf3 36. Bxh7+ $1 ({Much worse is} 36. Qxf3 $6 Bxf3 37. Ba3 Bd5 $15) 36... Kf8 ({Stronger than} 36... Nxh7 37. Nh6+ gxh6 38. Qg7#) 37. Qxf3 Bxf3 38. Ne5 Nxh7 39. Nxf3 Re7 40. Ra3 e5 41. Bb2 e4 42. Ne5 Re6 (42... Rc7 $14) 43. Ra8+ $16 Ke7 44. Ra7+ ({White should play} 44. Rg8 $18 Nf6 45. Rxg7+ Ke8 46. Ra7) 44... Kf8 $16 45. Ra8+ (45. Kf1 $16) 45... Ke7 $18 46. Rg8 Nf6 47. Rxg7+ Ke8 48. Ra7 Nd5 49. h4 Nd3 50. Ra8+ Ke7 51. Ba3+ $2 ({White must play} 51. Nxd3 $1 $18 exd3 52. Kf1) 51... Kf6 $14 {[%emt 0:00:20] [#]} 52. Nd7+ ({White should try} 52. Nxd3 $1 $16 exd3 53. Kf1) 52... Kf5 $11 53. Kg2 Rg6 (53... Rc6 $11 {keeps the balance.}) 54. Rh8 N5f4+ (54... e3 $142 55. fxe3 Rg7) 55. Kf1 $16 Nh3 {[%emt 0:00:32] [#]} 56. h5 ({Better is} 56. Rh5+ $1 $16 Kg4 57. Re5) 56... Rc6 $2 (56... Rg7 $1 $14 57. Rf8+ (57. Nxb6 Nhxf2 58. Kg2 Ng4 $11) 57... Ke6) 57. Rf8+ Ke6 58. h6 Ng5 59. Nf6 Rc7 60. Nh5 (60. Ng4 $18 {aiming for Rf6+.} Rf7 61. Rg8) 60... Ra7 $2 (60... Rf7 $16) 61. Ng7+ $18 Kd7 62. h7 Rxa3 63. h8=Q ({Not} 63. h8=R Nf3 64. Ke2 Nc1+ 65. Kd1 Nd3 $14) 63... Ra1+ 64. Ke2 1-0

[Event "Singapore Open-A 2024"]
[Site "Singapore"]
[Date "2024.11.30"]
[Round "3.6"]
[White "Rozum, Ivan"]
[Black "Iniyan, Pa"]
[Result "1/2-1/2"]
[ECO "A13"]
[WhiteElo "2466"]
[BlackElo "2513"]
[Annotator "TA"]
[PlyCount "77"]
[EventDate "2024.11.29"]
[EventType "swiss"]
[EventCountry "SIN"]
[SourceTitle "playchess.com"]
[Source "ChessBase"]
[SourceQuality "1"]
[TimeControl "5400+30"]

1. Nf3 d5 2. g3 c5 3. Bg2 Nf6 4. O-O e6 5. c4 d4 6. e3 Nc6 7. d3 Bd6 8. exd4 cxd4 9. Na3 h6 10. Nc2 e5 {[%emt 0:02:24] [#]} 11. b4 $1 O-O 12. Re1 {[%emt 0:01:57] And now c5 would win.} a6 13. b5 $1 axb5 14. cxb5 Nb4 15. Nxb4 Bxb4 16. Bd2 (16. Rxe5 Bc3 17. Rb1 Rxa2 $11) 16... Bc3 17. Bxc3 dxc3 18. Qb3 ({Don't play} 18. Rxe5 Be6 $11) 18... Qxd3 19. Nxe5 Qd2 {[%emt 0:00:46] [#] White must now prevent ...Be6.} 20. Nc4 Qd4 {[%emt 0:00:41] ...Be6 would now be deadly.} 21. Rad1 Qg4 (21... Qc5 $14 22. Re5 (22. Qxc3 Be6 $11) 22... Qa7) 22. Nb6 {[%emt 0:08:50] White is more active.} (22. h3 $16 Qg5 23. Re5 (23. Qxc3 Qxb5 24. Re5 Qa4 $11)) 22... Be6 $11 23. Qxc3 Rxa2 24. Nd5 Nxd5 25. Bxd5 Bxd5 26. Rxd5 Re2 27. Rxe2 Qxe2 {[%emt 0:00:07][%mdl 4096] Endgame. KQR-KQR} 28. Kg2 {[%emt 0:01:29] The position is equal.} Re8 29. Qf3 Qc4 30. h4 b6 31. h5 f6 32. Qf5 Qe4+ 33. Qxe4 Rxe4 {[%emt 0:00:06] KR-KR} 34. Rd6 Re5 35. Rxb6 Rxh5 36. Rb7 Kh7 37. Kf3 {[%emt 0:00:33] White wants to play Ke4.} Re5 38. b6 {[%emt 0:00:59] Strongly threatening Rc7.} Re6 39. Rb8 {[%emt 0:00:40] Weighted Error Value: White=0.09 (flawless) /Black=0.08 (flawless) .  Mistake:       	White=1     	Black=1      Inaccurate:     	---       	Black=1      OK:         	White=17    	Black=17     Best:        	White=1     	Black=2      Strong:       	White=1     	---} 1/2-1/2

[Event "Singapore Open-A 2024"]
[Site "Singapore"]
[Date "2024.11.30"]
[Round "3.7"]
[White "Eljanov, Pavel"]
[Black "Andyka, Pitra"]
[Result "1-0"]
[ECO "E44"]
[WhiteElo "2672"]
[BlackElo "2088"]
[Annotator "TA"]
[PlyCount "65"]
[EventDate "2024.11.29"]
[EventType "swiss"]
[EventCountry "SIN"]
[SourceTitle "playchess.com"]
[Source "ChessBase"]
[SourceQuality "1"]
[TimeControl "5400+30"]

1. d4 Nf6 2. c4 e6 3. Nc3 Bb4 4. e3 b6 5. Nge2 Ne4 6. Bd2 Nxd2 7. Qxd2 Bb7 8. a3 Be7 9. Nf4 O-O 10. h4 {[%emt 0:05:11] The position is equal.} d6 11. Qc2 c5 (11... h6 $11) 12. Bd3 $1 $16 h6 13. d5 exd5 14. Nfxd5 (14. Ncxd5 $6 Bxh4 15. O-O-O Nd7 $14) 14... Nd7 {[%emt 0:04:06] Black is weak on the light squares} 15. Be4 {[%emt 0:05:49] White is much more active.} Rb8 16. O-O-O {[%emt 0:06:31] Strongly threatening g4.} Ne5 {[%emt 0:00:21] White stays focused until the end.} (16... Nf6 $1 $14) 17. Qe2 $1 $36 {[%emt 0:02:28][%mdl 2048] Black must now prevent g4. White is in control.} Ba6 {[%emt 0:09:45] [#]} (17... Bc8 $16) 18. Nb5 $1 $18 {[%emt 0:02:06] Excellent horsemanship.} Re8 (18... Bxb5 {was called for.} 19. cxb5 Re8) 19. f4 ({And not} 19. Nxa7 Bxc4 (19... Nxc4 $2 20. Nc6 $18) 20. Qc2 Qd7 $11 (20... Bxh4 21. f4 $11)) 19... Bxb5 20. fxe5 Ba4 $2 {[%emt 0:02:32] [#]} (20... Bd7) 21. Rdf1 $1 {[%emt 0:00:13] And now Qh5 would win.} Rf8 22. Qh5 {[%emt 0:03:37][%cal Of1f7] aiming for Rxf7!} dxe5 23. Qf5 g6 24. Qxe5 Bd6 (24... Rb7 $142 25. Nc3 (25. h5 Bg5 $18) 25... Rd7 (25... Bd6 $2 26. Qf6 $18) 26. Nxa4 Bxh4) 25. Nf6+ Kh8 {[%emt 0:00:04] [#]} 26. Qg5 $3 Kg7 27. Nh5+ Kg8 28. Qxh6 Be5 {[%emt 0:00:12] [#]} 29. Bxg6 $1 fxg6 30. Qxg6+ Kh8 31. Qh6+ Kg8 32. Qe6+ Kh7 33. Qxe5 {[%emt 0:00:15] Weighted Error Value: White=0.04 (flawless) /Black=1.03.  Mistake:       	---       	Black=6      Inaccurate:     	---       	Black=3      OK:         	White=6     	Black=7      Best:        	White=1     	Black=1      Strong:       	White=4     	---} 1-0

[Event "Singapore Open-A 2024"]
[Site "Singapore"]
[Date "2024.11.30"]
[Round "3.8"]
[White "Muthaiah AL"]
[Black "Felix, Raphael"]
[Result "1-0"]
[ECO "D30"]
[WhiteElo "2477"]
[BlackElo "2064"]
[Annotator "TA"]
[PlyCount "107"]
[EventDate "2024.11.29"]
[EventType "swiss"]
[EventCountry "SIN"]
[SourceTitle "playchess.com"]
[Source "ChessBase"]
[SourceQuality "1"]
[TimeControl "5400+30"]

1. Nf3 d5 2. e3 Nf6 3. c4 c6 4. Nc3 Nbd7 5. cxd5 cxd5 6. d4 e6 7. Bd3 Bd6 8. O-O O-O 9. Bd2 e5 {[%emt 0:04:26] Hoping for ...e4.} 10. Nb5 {[%emt 0:03:35] White is slightly better.} Bb8 {[%emt 0:01:32] ...e4 is the strong threat.} 11. dxe5 Nxe5 12. Be2 Ne4 13. Nbd4 Nxd2 (13... Qd6 $11) 14. Qxd2 $14 Qd6 15. Nxe5 Qxe5 16. g3 a6 17. Rfd1 Rd8 18. Rac1 Qe7 19. Bf3 Be5 20. Qd3 Be6 21. Qb3 g6 22. Nxe6 fxe6 23. e4 dxe4 $1 24. Bxe4 Rxd1+ 25. Rxd1 Rb8 {[%emt 0:00:20] Black is weak on the light squares} 26. Re1 {[%emt 0:03:40][%cal Oe4g6] White is more active.} Bg7 ({Black should try} 26... Qf6 $14) 27. Bd5 Kh8 28. Rxe6 Qc7 29. Kg2 b6 30. Bf3 Qf7 31. Bd5 (31. Rxb6 $6 Qxb3 32. Rxb3 Rxb3 33. axb3 Bxb2 $11) 31... Qc7 $1 32. Rc6 {[%emt 0:00:00] Black is on the road to losing.} Qe5 33. Rc2 (33. Rxb6 $2 Rxb6 34. Qxb6 Qxd5+ 35. Kg1 Qxa2 36. Qd8+ Qg8 $19) 33... b5 34. Bf3 a5 35. Re2 Qd4 36. h4 a4 {[%emt 0:03:27] [#]} (36... Qc4 $16 37. Qa3 a4) 37. Qf7 $1 $40 {[%emt 0:00:22][%mdl 128] White wants a kill.} Qd8 {[%emt 0:01:43] Prevents Re8+.} 38. h5 gxh5 39. Qxh5 (39. Bxh5 Qg8 40. Qd7 Rf8 $14) 39... h6 (39... Qf6 $142 40. Be4 Bh6) 40. Re6 Qg8 41. Bd5 {[%emt 0:00:51] aiming for Rxh6+.} Qf8 42. Be4 b4 43. b3 ({Weaker is} 43. Qg6 Qg8 44. g4 Bf8 $16) 43... a3 (43... axb3 $142 44. axb3 (44. Qg6 Qg8 $18) 44... Rc8) 44. Qg6 Qg8 {[%emt 0:00:01] Against Qh7+} 45. Bf5 Bf8 46. Qh5 {[%emt 0:00:28] White threatens Rxh6+ and mate.} Qg5 47. Qf3 {[%emt 0:00:19] Threatens to win with Rg6.} Bg7 48. Bd3 {[%emt 0:00:19] Qe4 would kill now.} Qd8 49. Qe4 Qg8 {[%emt 0:00:02] Inhibits Qh7+.} 50. Bc4 Qf8 51. Re7 Rd8 52. Re6 $2 (52. Ba6 $18) 52... Bd4 $2 {[%emt 0:00:42][%mdl 8192] [#]} (52... Rb8 $11 53. Bd3 Qg8) 53. Bd3 Qg7 54. Re7 {[%emt 0:00:29] Weighted Error Value: White=0.43/Black=0.29 (precise) .  Loses game:     	---       	Black=1      Mistake:       	---       	Black=5      Inaccurate:     	White=2     	Black=2      OK:         	White=14    	Black=12     Best:        	White=3     	Black=1      Strong:       	White=1     	Black=2} 1-0

[Event "Singapore Open-A 2024"]
[Site "Singapore"]
[Date "2024.11.30"]
[Round "3.9"]
[White "Zhao, Zong-Yuan"]
[Black "Deboushnik De"]
[Result "1-0"]
[ECO "A29"]
[WhiteElo "2452"]
[BlackElo "1928"]
[Annotator "TA"]
[PlyCount "89"]
[EventDate "2024.11.29"]
[EventType "swiss"]
[EventCountry "SIN"]
[SourceTitle "playchess.com"]
[Source "ChessBase"]
[SourceQuality "1"]
[TimeControl "5400+30"]

1. c4 e5 2. g3 Nf6 3. Bg2 d5 4. cxd5 Nxd5 5. Nc3 Nb6 6. Nf3 Nc6 7. O-O Be7 8. d3 O-O 9. a3 Re8 10. b4 Bf8 11. Bb2 a6 12. Rc1 Nd4 13. Nd2 (13. Nxd4 $14 {feels stronger.} exd4 14. Ne4) 13... c6 {[%emt 0:00:00] The position is equal.} 14. e3 Nb5 15. Nb3 Nxc3 16. Bxc3 f6 17. Nc5 Nd5 18. Bb2 b6 (18... Nc7 $14) 19. Nb3 Bb7 20. e4 Nc7 21. d4 Nb5 22. dxe5 fxe5 23. Qc2 Qe7 24. Rfd1 (24. a4 $142) 24... Rad8 $16 25. a4 Nd6 26. a5 b5 27. Bf1 {[%emt 0:00:36] Wards off Nc4} Nf7 28. Nc5 Rxd1 29. Rxd1 Bc8 {[%emt 0:00:00] Prevents Rd7.} 30. h4 {[%emt 0:07:50] Against Ng5. White is much more active.} Qf6 31. Bc1 h6 32. Be3 g5 33. hxg5 hxg5 34. Be2 (34. Nd7 $16 Qh6 35. Nxf8 Kxf8 36. Rc1) 34... Bxc5 ({Black should play} 34... Qh6 $14) 35. Qxc5 ({But not} 35. Bxc5 $6 Qh6 $14) 35... Qh6 (35... Kg7 $16) 36. Rc1 $1 $18 Bd7 {[%emt 0:00:00] [#]} 37. Qa7 $1 Be6 38. Rxc6 $2 (38. Qxa6 $18 Kg7 39. Qxc6) 38... Kg7 $16 39. Qxa6 Rh8 40. Bf3 {[%emt 0:00:10] Prevents Qh1+.} (40. Rxe6 $2 Qh1#) 40... Qh2+ 41. Kf1 Bh3+ {[%emt 0:01:56] [#]} (41... Qh3+ 42. Ke1 g4 43. Rxe6 gxf3 44. Rg6+ Kh7) 42. Ke2 $1 $18 {[%emt 0:00:01] White wants to mate with Rg6+. White is clearly winning.} Qg1 43. Rc1 (43. Qxb5 $2 {loses.} Bf1+ (43... Qf1+ $2 44. Kd2 $19) 44. Kd2 Bxb5 $19) 43... Qh2 44. Rh1 Bc8 45. Qc6 {[%emt 0:01:31] Weighted Error Value: White=0.21 (precise) /Black=0.22 (precise) .  Missed win:     	White=1     	---        Mistake:       	White=3     	Black=4      Inaccurate:     	White=2     	Black=2      OK:         	White=11    	Black=8      Best:        	---       	Black=3      Strong:       	White=3     	---} 1-0

[Event "Singapore Open-A 2024"]
[Site "Singapore"]
[Date "2024.11.30"]
[Round "3.10"]
[White "Poh, Yu Tian"]
[Black "Vivaan Vijay Saraogi"]
[Result "1-0"]
[ECO "B90"]
[WhiteElo "2444"]
[BlackElo "1899"]
[Annotator "TA"]
[PlyCount "51"]
[EventDate "2024.11.29"]
[EventType "swiss"]
[EventCountry "SIN"]
[SourceTitle "playchess.com"]
[Source "ChessBase"]
[SourceQuality "1"]
[TimeControl "5400+30"]

1. e4 c5 2. Nf3 d6 3. d4 cxd4 4. Nxd4 Nf6 5. Nc3 a6 6. Nb3 e6 7. g4 Nc6 8. Bg2 Qc7 9. f4 Be7 10. Be3 b5 11. Qe2 Nd7 12. O-O Bb7 13. Qf2 O-O-O $2 (13... g5 $11 {and Black stays safe.}) 14. a4 $1 $18 b4 {[%emt 0:00:21] [#]} 15. Nb5 $1 Qb8 16. c3 Nc5 $2 (16... bxc3 17. Na7+ (17. Nxc3 Nc5 $16) 17... Nxa7) 17. Nxc5 (17. Nxd6+ $142 Bxd6 18. Bxc5 (18. Nxc5 Bxc5 19. Bxc5 bxc3 $18)) 17... dxc5 18. Bxc5 axb5 19. axb5 Rd2 (19... Bxc5 $142 20. Qxc5 Qd6 21. cxb4 (21. Qxd6 Rxd6 22. e5 Nxe5 $16) 21... Qd4+ 22. Kh1 Qxc5 (22... Qxb4 23. Rac1 $16) 23. bxc5 Nd4) 20. Qxd2 Bxc5+ 21. Kh1 Rd8 {[%emt 0:00:36] [#]} 22. Qe2 $2 ({White must play} 22. Qc1 $1 $18 {And now cxb4 would win.} b3 23. bxc6 Bxc6 24. Qe1) 22... Ne7 $11 23. cxb4 Bb6 24. g5 Rd7 (24... Qd6 $11) 25. Qh5 (25. Rac1+ $16 Kd8 26. Qh5) 25... Ng6 26. Qxh7 ({Better is} 26. Rac1+ $14 Kd8 27. Qxh7) 1-0